 Dungeon Crawl Stone Soup version 0.31-a0-743-g45f7035092 (webtiles) character file.

Game seed: 17313657402591609003

11 Bravepunisher the Ducker (level 2, -2/16 HPs)
             Began as a Spriggan Monk on Sept 13, 2023.
             Killed from afar by an orc wizard (10 damage)
             ... with a puff of flame
             ... on level 3 of the Dungeon.
             The game lasted 00:01:15 (442 turns).

Bravepunisher the Ducker (Spriggan Monk)             Turns: 442, Time: 00:01:15

Health: -2/16      AC:  2    Str:  7    XL:     2   Next: 17%
Magic:  3/3        EV: 19    Int: 11    God:
Gold:   32         SH:  0    Dex: 17    Spells: 1/1 levels left

rFire   . . .        g - +0 dagger (vamp)
rCold   . . .        d - orb {light}
rNeg    . . .        b - +0 robe
rPois   .            (helmet restricted)
rElec   .            (no cloak)
rCorr   .            (gloves unavailable)
SInv    +            (boots unavailable)
Will    .....        (no amulet)
Stlth   +            (no ring)
HPRegen 0.22/turn    (no ring)
MPRegen 0.08/turn

%: no passive effects
@: glowing, very quick
A: very small, no large weapons, unfitting armour, see invisible, speed 3
a: no special abilities


You were on level 3 of the Dungeon.
You visited 1 branch of the dungeon, and saw 3 of its levels.

You collected 32 gold pieces.

Inventory:

Hand Weapons
 a - a +0 short sword
 g - a +0 vampiric dagger (weapon)
Armour
 b - a +0 robe (worn)
 d - an orb of light (worn)
Jewellery
 i - an amulet of reflection
Scrolls
 e - a scroll of revelation {unknown}
 f - a scroll of teleportation {unknown}
 h - a scroll of identify {unknown}
Potions
 c - a potion of ambrosia


   Skills:
 + Level 2.6 Fighting
 - Level 3.2 Short Blades
 * Level 4.6 Dodging


You had one spell level left.
You didn't know any spells.
Your spell library contained the following spells:

 Spells                   Type           Power      Damage    Failure   Level
 Ensorcelled Hibernation  Hex/Ice        0%         N/A       47%         2
 Jinxbite                 Hex            0%         N/A       47%         2
 Tukima's Dance           Hex            0%         N/A       71%         3
 Anguish                  Hex/Necr       0%         N/A       98%         4
 Dimensional Bullseye     Hex/Tloc       0%         N/A       98%         4
 Iskenderun's Mystic Bla  Conj/Tloc      0%         2d3       98%         4


Dungeon Overview and Level Annotations

Branches:
Dungeon (3/15)

Altars:


Innate Abilities, Weirdness & Mutations

You are very small and have problems with some larger weapons.
You are too small for most types of armour.
You have supernaturally acute eyesight. (SInv)
You cover ground extremely quickly. (Speed+++)


Message History

The orc is severely wounded.
The orc closely misses you.
You hit the orc.
You feel better.
You kill the orc!
You have reached level 2!
You hit the orc.
You feel better.
The orc is moderately wounded.
The orc hits you with a +0 club.
You hit the orc.
You feel better.
The orc is severely wounded.
The orc misses you.
You hit the orc.
You feel better.
You kill the orc!
Things that are here:
a +0 club; a +0 falchion An orc wizard comes into view.
It is wielding a +0 dagger.
The orc wizard shouts!
An orc comes into view. It is wielding a +0 mace.
The orc shouts!
An orc comes into view. It is wielding a +0 whip.
The orc shouts!
The orc wizard closely misses you.
You hit the orc wizard but do no damage.
You hit the orc wizard but do no damage.
The orc wizard casts a spell at you. The magic dart hits you!
Ouch! That really hurt!
You hit the orc wizard but do no damage.
The orc closely misses you. The orc wizard closely misses you.
Found a dented golden amulet.
The orc wizard gestures at you while chanting.
You resist with some effort.
A hobgoblin comes into view.
The hobgoblin shouts!
The orc wizard points at you and mumbles some strange words.
The magic dart hits you.
The orc wizard points at you and mumbles some strange words.
The puff of flame hits you!
Ouch! That really hurt!
You die...

........#.# ..#
...[....#.###.#######
........#......."...#
........#####.#####.
....... #.#####
####### #...o.# #
####o##.# #......#
#.#@#### #.#....#
#.####.# #.####.#
#......# ########


You could see an orc wizard and an orc.

Vanquished Creatures
  2 orcs (D:3)
  An endoplasm (D:3)
  2 goblins (D:3)
  A hobgoblin (D:3)
  A quokka (D:3)
  A rat (D:2)
8 creatures vanquished.

Notes
Turn   | Place    | Note
-------+----------+-------------------------------------------
     0 | D:1      | Bravepunisher the Spriggan Monk began the quest for the
                  | Orb.
     0 | D:1      | Reached XP level 1. HP: 11/11 MP: 2/2
   396 | D:3      | Reached XP level 2. HP: 13/16 MP: 3/3
   442 | D:3      | Killed from afar by an orc wizard

Illustrated notes

Levels and vault maps discovered:
D:1:      minmay_arrival_three_doors, layout_basic
D:2:      layout_loops_cross
D:3:      layout_basic, interstate_on_off

Action                     || total
---------------------------++-------
  Melee: Dagger            ||    34
         Short sword       ||    11
 Armour: Robe              ||    12
  Dodge: Dodged            ||    28

Table legend: (Time is in decaauts)
 A = Elapsed time spent in this place.
 B = Non-inter-level travel time spent in this place.
 C = Inter-level travel time spent in this place.
 D = Time resting spent in this place.
 E = Time spent auto-exploring this place.
 F = Levels seen in this place.
 G = Mean time per level.
                   A        B        C        D        E       F      G
               +--------+--------+--------+--------+--------+-----+--------+
         Total |    296 |    296 |      0 |      0 |    190 |   3 |   98.7 |
       Dungeon |    296 |    296 |      0 |      0 |    190 |   3 |   98.7 |
               +--------+--------+--------+--------+--------+-----+--------+

Top non-repeatable levels by time:
     D:3: 206 daAuts
     D:1: 68 daAuts
     D:2: 22 daAuts
